 Dungeon Crawl Stone Soup version 0.18.1-50-g88ac8fd (webtiles) character file.

25 FallenPrincess the Sneak (level 2, -4/19 HPs)
             Began as a Vampire Enchanter on Oct 28, 2016.
             Killed from afar by Sigmund (10 damage)
             ... with a magic dart
             ... on level 2 of the Dungeon.
             The game lasted 00:03:21 (686 turns).

FallenPrincess the Sneak (Vampire Enchanter)         Turns: 686, Time: 00:03:21

Health: -4/19      AC:  6    Str:  7    XL:     2   Next: 86%
Magic:  5/5        EV: 10    Int: 17    God:
Gold:   73         SH:  0    Dex: 14    Spells: 1 memorised, 4 levels left

rFire  . . .     SeeInvis +     a - +1 dagger
rCold  . . .     Gourm    .     e - +0 ring mail
rNeg   + . .     Faith    .     (no shield)
rPois  .         Spirit   .     (no helmet)
rElec  .         Dismiss  .     j - +0 cloak
rCorr  .         Reflect  .     (no gloves)
SustAt .         Harm     .     (no boots)
MR     .....                    f - amulet of regeneration
Stlth  +++.......               (no ring)
                                (no ring)

@: not resistant to hostile enchantments, fairly stealthy
A: fangs 3, see invisible, unbreathing
a: no special abilities


You were on level 2 of the Dungeon.
You were not thirsty.

You visited 1 branch of the dungeon, and saw 2 of its levels.

You collected 73 gold pieces.

Inventory:

Hand Weapons
 a - a +1 dagger (weapon)
Armour
 b - a +1 robe
 e - a +0 ring mail (worn)
 j - a +0 cloak (worn)
Jewellery
 f - an amulet of regeneration (around neck)
Scrolls
 h - 2 scrolls of identify {unknown}
 i - a scroll of amnesia {unknown}
 k - a scroll of random uselessness {unknown}
 l - a scroll of magic mapping {unknown}
Potions
 d - a potion of blood
 g - a potion of lignification {unknown}
Books
 c - a book of Maledictions

   Spells                             Type                      Level
   a - Corona                         Hexes                        1
   b - Ensorcelled Hibernation        Hexes/Ice                    2
   c - Confuse                        Hexes                        3
   d - Tukima's Dance                 Hexes                        3
   e - Dazzling Spray                 Conjuration/Hexes            3


   Skills:
 + Level 1.3 Short Blades
 + Level 0.2 Armour
 + Level 2.4 Dodging
 + Level 5.1 Stealth
 + Level 2.1 Spellcasting
 + Level 4.8 Hexes


You had 4 spell levels left.
You knew the following spells:

 Your Spells              Type           Power        Failure   Level  Hunger
a - Corona                Hex            ###....      12%         1    #......


Dungeon Overview and Level Annotations

Branches:
Dungeon (2/15)

Altars:

Annotations:
D:2 Sigmund


Innate Abilities, Weirdness & Mutations

You have razor-sharp teeth.
You have supernaturally acute eyesight.
You can survive without breathing.


Message History

You miss the bat. The bat hits you but does no damage.
Sigmund hits you but does no damage. The bat hits you but does no damage.
The bat barely misses you.
You hit the bat.
You kill the bat!
Sigmund barely misses you. Sigmund gestures at you while chanting.
The puff of flame hits you!
* * * LOW HITPOINT WARNING * * *
You see here a bat corpse.
Sigmund casts a spell at you. The magic dart hits you!
* * * LOW HITPOINT WARNING * * *
A quokka comes into view.
Found a scroll labeled MOFOYKH ZOXILO.
Found 21 sling bullets.
Sigmund gestures at you while chanting. The magic dart hits you!
Ouch! That really hurt!
You die...

##.......##....(
#...#######.#.####
#†### #......# #
#.#########...#
#.#@##..........#
#.#.##.######...##
#...>...........#
#.#..########.†..#
#.#.@# #<...# #
#..# #........
....# ##...####
##..r# ....# #...#
...... .....
#.####.# .?.... #.
.# .......( #. #


You could see Sigmund (invisible) and a quokka.

Vanquished Creatures
  A giant gecko (D:1)
  2 giant cockroaches (D:1)
  6 goblins
  2 hobgoblins
  3 kobolds (D:1)
  A ball python (D:1)
  3 bats
  A giant newt (D:1)
  4 rats (D:1)
23 creatures vanquished.

Notes
Turn   | Place    | Note
--------------------------------------------------------------
     0 | D:1      | FallenPrincess the Vampire Enchanter began the quest for the Orb.
     0 | D:1      | Reached XP level 1. HP: 13/13 MP: 3/3
   181 | D:1      | Reached XP level 2. HP: 15/19 MP: 5/5
   254 | D:1      | Reached skill level 5 in Stealth
   663 | D:2      | Noticed Sigmund
   686 | D:2      | Killed from afar by Sigmund

Skill      XL: |  1  2 |
---------------+-------+-----
Stealth        | 5 |  5.1
Short Blades   | |  1.3
Armour         | |  0.2
Dodging        | |  2.4
Spellcasting   | |  2.1
Hexes          | |  4.8

Action                   || total
-------------------------++-------
Melee: Dagger            ||    85
       Bite              ||     5
 Cast: Corona            ||     1
 Stab: Sleeping          ||     5
  Eat: Corpse            ||     1
Armor: Robe              ||    10
       Ring mail         ||    32
Dodge: Dodged            ||    69
